 Dungeon Crawl Stone Soup version 0.31-a0-4-gefa6de2278 (webtiles) character file.

Game seed: 393228909356264240

82498 qeuew the Tortoise (level 15, -1/134 HPs)
             Began as a Minotaur Fighter on May 4, 2023.
             Was the Champion of Ru.
             Slain by a merfolk
             ... wielding a +0 trident
              (8 damage)
             ... on level 1 of the Shoals.
             The game lasted 00:35:09 (21707 turns).

qeuew the Tortoise (Minotaur Fighter)              Turns: 21707, Time: 00:35:09

Health: -1/134     AC: 28    Str: 28    XL:     15   Next: 29%
Magic:  14/14      EV: 15    Int:  7    God:    Ru [******]
Gold:   2154       SH: 19    Dex: 16    Spells: 14/14 levels left

rFire   + + .        j - +5 broad axe of Mahi {heavy, Str+3}
rCold   . . .        s - +0 kite shield "Yfoi" {+Blink Will+ rCorr Int+2}
rNeg    . . .        x - +1 chain mail {rF+}
rPois   .            t - +1 hat {Will+}
rElec   .            (no cloak)
rCorr   +            e - +2 pair of gloves {Dex+3}
SInv    .            (no boots)
Will    +....        l - amulet of reflection Stlth
                     m - +4 ring of protection
HPRegen 0.42/turn    r - +4 ring of protection
MPRegen 0.14/turn

%: reflection
@: weak-willed, engulfed (cannot breathe), studying Shields, very slow
A: horns 2, no stealth, inability to use devices, hated by all, weak-willed 1,
unskilled 1, retaliatory headbutt, fangs 1, fire resistance 1
a: Renounce Religion, Draw Out Power, Power Leap, Apocalypse


You were on level 1 of the Shoals.
You worshipped Ru.
Ru was exalted by your worship.
You visited 5 branches of the dungeon, and saw 22 of its levels.
You also visited: Ossuary, Bailey and Ice Cave.

You collected 3590 gold pieces.
You spent 1436 gold pieces at shops.

Inventory:

Hand Weapons
 a - a +1 war axe of freezing
 j - the +5 broad axe of Mahi (weapon) {heavy, Str+3}
   (You bought it in a shop on level 2 of the Dungeon)

   Str:       It affects your strength (+3).
Armour
 e - a +2 pair of gloves of dexterity (worn)
 s - the +0 kite shield "Yfoi" (worn) {+Blink Will+ rCorr Int+2}
   (You acquired it on level 10 of the Dungeon)

   Int:       It affects your intelligence (+2).
   +Blink:    It lets you blink.
   rCorr:     It protects you from acid and corrosion.
   Will:      It increases your willpower.
 t - a +1 hat of willpower (worn)
 x - a +1 chain mail of fire resistance (worn)
Jewellery
 i - a ring of resist corrosion
 l - an amulet of reflection (around neck)
 m - a +4 ring of protection (left hand)
 r - a +4 ring of protection (right hand)
Scrolls
 b - a scroll of identify
 k - 3 scrolls of fear
 n - 4 scrolls of summoning
 o - 3 scrolls of fog
 q - 6 scrolls of teleportation
 w - a scroll of blinking
 y - 3 scrolls of magic mapping
 z - a scroll of enchant weapon
 C - a scroll of silence
 E - a scroll of enchant armour
Potions
 c - a potion of resistance
 d - 2 potions of might
 f - 4 potions of brilliance
 h - 8 potions of curing
 p - a potion of cancellation
 u - a potion of magic
 v - 3 potions of haste
 A - a potion of ambrosia
 B - 2 potions of mutation
 D - a potion of berserk rage {unknown}


   Skills:
 + Level 12.9 Fighting
 + Level 12.7 Axes
 * Level 17.5 Armour
 + Level 11.3 Dodging
 + Level 16.1 Shields


You had 14 spell levels left.
You didn't know any spells.
Your spell library contained the following spells:

 Spells                   Type           Power      Damage    Failure   Level
 Apportation              Tloc           0%         N/A       86%         1
 Beastly Appendage        Tmut           0%         N/A       86%         1
 Necrotise                Necr           0%         1d4       86%         1
 Blink                    Tloc           0%         N/A       95%         2
 Lesser Beckoning         Tloc           0%         N/A       95%         2
 Momentum Strike          Conj/Tloc      0%         3d8       95%         2
 Sublimation of Blood     Necr           0%         N/A       95%         2
 Wereblood                Tmut           0%         N/A       95%         2
 Gell's Gravitas          Tloc           0%         N/A       99%         3
 Spider Form              Tmut/Pois      0%         N/A       99%         3
 Teleport Other           Tloc           0%         N/A       99%         3
 Ice Form                 Ice/Tmut       0%         N/A       100%        4
 Passage of Golubria      Tloc           0%         N/A       100%        4
 Silence                  Hex/Air        0%         N/A       100%        5
 Lehudib's Crystal Spear  Conj/Erth      0%         10d2      100%        8
 Summon Small Mammal      Summ           Unusable   N/A       N/A         1
 Summon Ice Beast         Ice/Summ       Unusable   N/A       N/A         4
 Simulacrum               Ice/Necr       Unusable   N/A       N/A         6
 Summon Hydra             Summ           Unusable   N/A       N/A         7

Dungeon Overview and Level Annotations

Branches:
Dungeon (13/15)            Temple (1/1) D:4            Lair (5/5) D:9
 Shoals (1/4) Lair:3        Snake (0/4) Lair:2        Slime (0/5) Lair:5
    Orc (2/2) D:12            Elf (0/3) Orc:2       Ossuary (visited)
 Bailey (visited)           IceCv (visited)
 Vaults: D:13-14

Altars:
Ashenzari
Cheibriados
Dithmenos
Elyvilon
Gozag
Kikubaaqudgha
Makhleb
Nemelex Xobeh
Okawaru
Qazlal
Ru
Sif Muna
Trog
Uskayaw
Vehumet
Wu Jian
Xom
Zin
The Shining One

Shops:
D:2 !([?   Orc:2 (=(

Annotations:
D:7 2 transporters


Innate Abilities, Weirdness & Mutations

You have a pair of horns on your head.
You cannot be stealthy.
You cannot study or use magical devices.
You are hated by all.
You are slightly weak-willed. (Will-)
You are somewhat unskilled. (-1 Apt)
You reflexively headbutt those who attack you in melee.
You have very sharp teeth.
Your flesh is heat resistant. (rF+)


Message History

The sling bullet hits you! You block the water elemental's attack.
Unknown command.
You hit the water elemental. You headbutt the water elemental.
The water elemental is almost destroyed.
You hit the snapping turtle but do no damage.
You slice the merfolk aquamancer!!
Your lungs strain for air!
The merfolk aquamancer casts a spell at you.
The shard of ice hits you!
* * * LOW HITPOINT WARNING * * *
You block the merfolk's attack. The snapping turtle barely misses you.
The faun splashes around in the water.
You block the water elemental's attack.
The merfolk aquamancer hits you with a +1 rapier of holy wrath!
* * * LOW HITPOINT WARNING * * *
The snapping turtle is stunned by your conviction and fails to attack.
The merfolk throws a boomerang.
The boomerang misses you.
Okay, then.
You feel much better.
* * * LOW HITPOINT WARNING * * *
Your lungs strain for air!
The merfolk aquamancer stops glowing.
The faun misses you. You block the water elemental's attack.
The merfolk aquamancer completely misses you.
You furiously retaliate!
You headbutt the merfolk aquamancer! You block the snapping turtle's attack.
The faun shoots a sling bullet.
You block the sling bullet with an invisible shield... and reflect it back!
The sling bullet barely misses the water elemental.
The sling bullet misses the faun.
The sling bullet hits the plant!
The plant begins to die.
The merfolk hits you but does no damage.
Your unstable footing causes you to fumble your attack.
* * * LOW HITPOINT WARNING * * *
Your lungs strain for air!
You block the faun's attack. The water elemental hits you!
* * * LOW HITPOINT WARNING * * *
You block the merfolk aquamancer's attack.
The snapping turtle misses you.
The faun shoots a sling bullet.
The sling bullet closely misses you.
The merfolk hits you from afar with a +0 trident!
You die...

≈≈≈≈≈≈≈≈≈≈≈≈≈≈≈≈
≈≈≈≈≈≈≈≈≈≈≈≈≈≈≈≈≈≈≈≈
≈≈≈≈≈≈≈≈≈≈≈≈≈≈≈≈≈≈≈≈≈≈≈~
≈≈≈≈≈≈≈≈≈≈≈≈≈≈≈≈≈≈≈≈≈≈~~
≈≈≈≈≈≈≈≈≈≈PP~P≈≈≈≈≈≈≈≈~~
≈≈≈≈≈≈≈PPP~~~~P~≈≈≈≈≈≈≈~
≈≈≈≈~PP~~P~~P~~~~t~≈≈≈≈~
~~~~~~PP~~~~~P~~@m~~≈≈≈~
~~~P~P.P~P~.~~~~~E~~~P≈≈
.~~~~.........Pcmcc~PP≈≈
......~...##..##..~~PPP≈
~.....~..P######.P~P~PPP
...##.~...... .~≈~~P~P~
..###......#.. P~PPP~~~~
...#PP....## ..~P~~~~~~~
..###..~.P# ....PP^P..


You could see a merfolk aquamancer, a snapping turtle, a merfolk, 3 fauns and a
water elemental.

Vanquished Creatures
  Gastronok (Lair:1)
  A frost giant (IceCv)
  The ghost of Monarks the Destroyer, a journeyman DrCj of Vehumet (Lair:5)
  4 hydras
  Erica (D:8)
  2 centaur warriors
  A catoblepas (Lair:5)
  2 boulder beetles
  2 two-headed ogres
  5 orc high priests (Orc:2)
  20 death yaks
  A deep troll shaman (Lair:5)
  A skyshark (Shoals:1)
  2 sea snakes (Shoals:1)
  A manticore (Shoals:1)
  4 fauns (Shoals:1)
  5 orc knights
  12 elephants
  2 ugly things (D:12)
  2 cyclopes
  An ice statue (IceCv)
  2 torpor snails
  A merfolk siren (Shoals:1)
  4 black mambas
  10 cane toads
  A water nymph (Shoals:1)
  2 gargoyles
  Maggie (D:9)
  An unseen horror (D:10)
  Psyche (D:8)
  7 komodo dragons
  13 rime drakes
  5 trolls
  21 blink frogs
  6 polar bears
  Prince Ribbit (D:8)
  A hornet (Lair:3)
  11 dream sheep
  12 slime creatures (D:12)
  A shadow (D:12)
  3 water elementals (Shoals:1)
  49 yaks
  2 wraiths
  5 wyverns
  Grum (D:9)
  A steam dragon (D:9)
  8 vampire mosquitoes
  2 wargs (Orc:2)
  An acid dragon (D:11)
  24 water moccasins
  2 black bears
  3 ice beasts
  49 orc warriors
  26 wolves
  5 ogres
  9 centaurs
  3 phantoms
  8 kobold brigands
  10 bullfrogs
  A scorpion (D:5)
  4 killer bees (D:7)
  7 howler monkeys
  A hound (D:7)
  4 jellies
  33 orc priests
  3 iguanas
  23 orc wizards
  A mummy (Ossuary)
  8 adders
  An ufetubus (D:5)
  2 worms (D:2)
  118 orcs
  2 spectral bats (Ossuary)
  10 endoplasms
  2 giant cockroaches
  5 goblins (D:1)
  5 hobgoblins
  6 jackals (D:1)
  3 quokkas
  3 ball pythons
  5 bats
  A bat simulacrum (Ossuary)
  5 frilled lizards
  12 gnoll zombies (Ossuary)
  2 goblin simulacra (Ossuary)
  5 goblin zombies (Ossuary)
  6 hobgoblin zombies (Ossuary)
  38 kobolds
  3 kobold simulacra (Ossuary)
  2 kobold zombies (Ossuary)
  5 orc zombies (Ossuary)
  8 rats
  6 rat simulacra (Ossuary)
  4 spectral goblins (Ossuary)
  2 spectral kobolds (Ossuary)
  2 spectral rats (Ossuary)
  A bush (Lair:5)
  A butterfly (Lair:1)
733 creatures vanquished.

Vanquished Creatures (collateral kills)
  An orc (D:8)
1 creature vanquished.

Vanquished Creatures (others)
  An elephant (Lair:5)
  A cane toad (Lair:5)
  A komodo dragon (Lair:3)
  A yak (Lair:4)
  A black bear (Lair:5)
  An orc priest (Orc:2)
  2 orcs
  40 fungi
  73 plants
  2 withered plants (Lair:5)
123 creatures vanquished.

Grand Total: 857 creatures vanquished

Notes
Turn   | Place    | Note
-------+----------+-------------------------------------------
     0 | D:1      | qeuew the Minotaur Fighter began the quest for the Orb.
     0 | D:1      | Reached XP level 1. HP: 19/19 MP: 0/0
   156 | D:1      | Reached XP level 2. HP: 24/27 MP: 1/1
   184 | D:1      | Reached skill level 4 in Armour
   431 | D:1      | Reached skill level 1 in Dodging
   441 | D:1      | Reached XP level 3. HP: 31/33 MP: 2/2
   856 | D:2      | Found Yfeseh's Weapon Boutique.
  1159 | D:2      | Found Molunt's Magic Scroll Shop.
  1248 | D:2      | Found Omuupofe's Distillery.
  1558 | D:2      | Found Denal's Armour Shoppe.
  1650 | D:2      | Identified a scroll of acquirement
  1650 | D:2      | Acquired 1227 gold pieces
  1718 | D:2      | Bought a scroll of acquirement for 624 gold pieces
  1718 | D:2      | Acquired a +1 pair of gloves of dexterity
  1775 | D:2      | Bought the +5 broad axe of Mahi {heavy, Str+3} for 591 gold
                  | pieces
  1908 | D:3      | Reached XP level 4. HP: 40/40 MP: 3/3
  2561 | D:4      | Noticed a black bear
  2566 | D:4      | Killed a black bear
  2567 | D:4      | Reached skill level 5 in Armour
  2567 | D:4      | Reached XP level 5. HP: 45/47 MP: 4/4
  2640 | D:4      | Reached skill level 1 in Evocations
  2805 | D:4      | Found a staircase to the Ecumenical Temple.
  2909 | Temple   | Entered the Ecumenical Temple
  3133 | Temple   | Became a worshipper of Ru the Awakened
  3589 | D:5      | Entered Level 5 of the Dungeon
  3603 | D:5      | Noticed a phantom
  3607 | D:5      | Killed a phantom
  3608 | D:5      | Reached XP level 6. HP: 53/53 MP: 5/5
  4013 | D:5      | Found a shadowy altar of Dithmenos.
  4045 | D:5      | Reached skill level 6 in Armour
  4045 | D:5      | Reached XP level 7. HP: 60/60 MP: 6/6
  4061 | D:5      | Reached skill level 5 in Fighting
  4061 | D:5      | Reached skill level 5 in Shields
  4417 | D:5      | Found a glowing golden altar of the Shining One.
  4666 | D:6      | Reached skill level 5 in Axes
  4666 | D:6      | Reached skill level 7 in Armour
  4666 | D:6      | Reached XP level 8. HP: 69/69 MP: 7/7
  5138 | D:6      | Found the +7 staff of the Meek {protect, meekguard}
  5566 | D:7      | Found a sand-covered staircase.
  5571 | Ossuary  | Entered an ossuary
  5733 | Ossuary  | Reached skill level 8 in Armour
  5906 | Ossuary  | Gained mutation: You cannot study or use magical devices.
                  | [Ru sacrifice]
  5906 | Ossuary  | Reached * piety under Ru
  5906 | Ossuary  | Reached ** piety under Ru
  6067 | D:7      | Noticed a manticore
  6070 | D:7      | Found a transporter.
  6160 | D:7      | Noticed a cyclops
  6196 | D:7      | Found a transporter.
  6212 | D:7      | Noticed a troll
  6317 | D:7      | Reached XP level 9. HP: 78/78 MP: 8/8
  6705 | D:7      | Reached skill level 5 in Dodging
  7068 | D:8      | Noticed Erica
  7264 | D:8      | Killed Erica
  7265 | D:8      | Reached skill level 9 in Armour
  7318 | D:8      | Noticed Psyche
  7325 | D:8      | Killed Psyche
  7332 | D:8      | Acquired an amulet of reflection
  7403 | D:8      | Reached skill level 10 in Armour
  7480 | D:8      | Reached XP level 10. HP: 88/88 MP: 9/9
  7779 | D:8      | Noticed Prince Ribbit
  7792 | D:8      | Killed Prince Ribbit
  7972 | D:8      | Gained mutation: Your flesh is heat resistant. (rF+)
                  | [potion of mutation]
  7972 | D:8      | Gained mutation: You have very sharp teeth. [potion of
                  | mutation]
  8043 | D:9      | Gained mutation: You cannot be stealthy. [Ru sacrifice]
  8043 | D:9      | Reached *** piety under Ru
  8128 | D:9      | Found a flagged portal.
  8142 | Bailey   | Entered a bailey
  8217 | Bailey   | Reached skill level 11 in Armour
  8453 | Bailey   | Noticed an orc knight
  8461 | Bailey   | Killed an orc knight
  8651 | D:9      | Noticed a death yak
  8669 | D:9      | Killed a death yak
  8713 | D:9      | Noticed a death yak
  8717 | D:9      | Found a staircase to the Lair.
  8718 | D:9      | Noticed Maggie
  8718 | D:9      | Noticed a death yak
  8722 | D:9      | Killed a death yak
  8727 | D:9      | Killed Maggie
  8728 | D:9      | Reached skill level 12 in Armour
  8728 | D:9      | Reached XP level 11. HP: 30/97 MP: 10/10
  8728 | D:9      | Killed a death yak
  8948 | D:9      | Noticed Grum
  8955 | D:9      | Killed Grum
  9341 | D:9      | Reached skill level 10 in Shields
  9624 | D:9      | Acquired the amulet "Mihorud" {Faith rElec}
  9653 | Lair:1   | Entered Level 1 of the Lair of Beasts
  9914 | Lair:1   | You fall into a shaft and drop 1 floor!
  9914 | Lair:2   | Noticed a death yak
  9914 | Lair:2   | Noticed a death yak
  9914 | Lair:2   | Noticed a death yak
  9919 | Lair:2   | Killed a death yak
  9920 | Lair:2   | Reached skill level 13 in Armour
  9920 | Lair:2   | Killed a death yak
  9923 | Lair:2   | Killed a death yak
  9942 | Lair:2   | Gained mutation: You are somewhat unskilled. (-1 Apt) [Ru
                  | sacrifice]
  9942 | Lair:2   | Reduced skill Armour to level 12
  9942 | Lair:2   | Reached **** piety under Ru
  9990 | Lair:1   | Noticed Gastronok
 10002 | Lair:1   | Killed Gastronok
 10226 | Lair:1   | Reached XP level 12. HP: 98/104 MP: 11/11
 10677 | Lair:2   | Found a staircase to the Snake Pit.
 10691 | Lair:2   | Reached skill level 13 in Armour
 10755 | Lair:2   | Noticed a death yak
 10766 | Lair:2   | Killed a death yak
 11060 | Lair:2   | Reached skill level 10 in Fighting
 11728 | Lair:3   | Paralysed by a hornet for 1 turns
 11977 | Lair:3   | Reached skill level 10 in Axes
 12085 | Lair:3   | Reached skill level 14 in Armour
 12299 | Lair:3   | Reached XP level 13. HP: 60/114 MP: 12/12
 12639 | Lair:3   | Gained mutation: You are hated by all. [Ru sacrifice]
 12639 | Lair:3   | Reached ***** piety under Ru
 12801 | Lair:3   | Found a staircase to the Shoals.
 14208 | Lair:5   | Entered Level 5 of the Lair of Beasts
 14370 | Lair:5   | Reached skill level 15 in Armour
 14687 | Lair:5   | Found a runed translucent door.
 14687 | Lair:5   | Noticed Monarks's ghost (journeyman DrCj)
 14700 | Lair:5   | Killed Monarks's ghost
 15076 | Lair:5   | Reached skill level 10 in Dodging
 15152 | Lair:5   | Reached XP level 14. HP: 32/114 MP: 4/13
 15867 | Lair:5   | Found a staircase to the Slime Pits.
 16096 | D:10     | Entered Level 10 of the Dungeon
 16809 | D:10     | Acquired the +0 kite shield "Yfoi" {+Blink Will+ rCorr
                  | Int+2}
 16848 | D:11     | Reached skill level 16 in Armour
 16907 | D:11     | Found a frozen archway.
 16919 | IceCv    | Entered an ice cave
 17499 | IceCv    | Noticed a frost giant
 17512 | IceCv    | Killed a frost giant
 17517 | IceCv    | Reached skill level 15 in Shields
 17760 | IceCv    | Got the Compendium of the Iceberg
 18157 | D:11     | Gained mutation: You are slightly weak-willed. (Will-) [Ru
                  | sacrifice]
 18157 | D:11     | Reached ****** piety under Ru
 19050 | D:12     | Found a staircase to the Orcish Mines.
 19281 | Orc:1    | Entered Level 1 of the Orcish Mines
 19364 | Orc:1    | Reached skill level 17 in Armour
 19593 | Orc:2    | Entered Level 2 of the Orcish Mines
 19696 | Orc:2    | Found a staircase to the Elven Halls.
 20450 | Orc:2    | Reached XP level 15. HP: 40/134 MP: 14/14
 21067 | Orc:2    | Found Yhupt's Weapon Emporium.
 21067 | Orc:2    | Found Rieptug's Jewellery Emporium.
 21068 | Orc:2    | Found Syiramynu's Armour Shoppe.
 21068 | Orc:2    | Found Kesiz's Antique Weapon Emporium.
 21078 | Orc:2    | Bought an iridescent war axe for 221 gold pieces
 21078 | Orc:2    | Identified the +1 war axe of Agony {distort, rElec rPois}
                  | (You bought it in a shop on level 2 of the Orcish Mines)
 21393 | Shoals:1 | Entered Level 1 of the Shoals
 21531 | Shoals:1 | Identified the +2 rapier of the Coward {flame, *Slow rN++
                  | Stlth+}
 21707 | Shoals:1 | Slain by a merfolk

Illustrated notes

Levels and vault maps discovered:
D:1:      denvon_arrival_hothouse, layout_basic
D:2:      layout_loops_corners, serial_shops, shop, nicolae_shop_rolled_up,
          shop, shop
D:3:      layout_loops_ring
D:4:      layout_cave_pods, minmay_temple_entry_poolview,
          minmay_misc_feat_more_columns
D:5:      layout_gridville, mainiacjoe_overflow_big_doors
D:6:      layout_cave_pods, pf_guarded_unrand_meek
D:7:      gammafunk_the_bubble [the_bubble_gammafunk_split], layout_gridville,
          enter_ossuary_2
D:8:      layout_cave_pools, uniq_psyche, uniq_prince_ribbit1, uniq_erica
D:9:      layout_loops_corners, dpeg_lair_monsters, enter_bailey_2, uniq_grum,
          uniq_maggie
D:10:     layout_gridville
D:11:     layout_gridville, portal_ice_cave_rime
D:12:     layout_cave_pools, david_orc_5
D:13:     layout_long_grid, hangedman_vaults_entry_quadrant_bands,
          grunt_ministairs_6, uniq_lodul
Temple:   nicolae_temple_bog_church
Lair:1:   layout_roguey, lemuel_fruit_fields, lemuel_fruit_fields,
          uniq_gastronok
Lair:2:   layout_small_grid, minmay_snake_entry_six_corridors
Lair:3:   layout_chaotic_city, elwin_shoals_entry_rooms, grunt_megastairs_2,
          lemuel_fruit_fields, lemuel_fruit_tree
Lair:4:   layout_layer_cave, chequers_serial_rivers_room_a, grunt_megastairs_5
Lair:5:   grunt_lair_end_beastmaster, layout_loops_ring,
          dpeg_slime_entry_corner, gammafunk_ghost_grave
Shoals:1: layout_shoals, nicolae_shop_gadgets
Orc:1:    layout_caves, david_defended_altar_orc
Orc:2:    st_orc_pillars, layout_caves, basic_altar

Skill      XL: |  1  2  3  4  5  6  7  8  9 10 11 12 13 14 15 |
---------------+----------------------------------------------+-----
Armour         | 4 5 6 7 8 10 12 12 14 15 17 | 17.5
Dodging        | 1 2 3 4 5 7 7 9 10 11 | 11.3
Fighting       | 4 5 6 7 9 10 11 12 | 12.9
Axes           | 3 4 5 6 7 8 9 10 11 12 | 12.7
Shields        | 4 5 6 7 9 10 12 14 15 16 | 16.1
Evocations     | 1 2 0 |  0.0

Action                     |  1- 3 |  4- 6 |  7- 9 | 10-12 | 13-15 || total
---------------------------+-------+-------+-------+-------+-------++-------
  Melee: War axe           |    76 |       |       |       |       ||    76
         Headbutt          |     8 |     7 |    32 |    54 |   150 ||   251
         Broad axe         |     4 |    60 |   198 |   306 |   627 ||  1195
         Bite              |       |       |       |    30 |    90 ||   120
 Invoke: Reject Sacrifices |       |       |     1 |       |     1 ||     2
         Sacrifice Artific |       |       |     1 |       |       ||     1
         Sacrifice Stealth |       |       |       |     1 |       ||     1
         Sacrifice Skill   |       |       |       |     1 |       ||     1
         Apocalypse        |       |       |       |       |     6 ||     6
         Sacrifice Love    |       |       |       |       |     1 ||     1
         Sacrifice Essence |       |       |       |       |     1 ||     1
    Use: Scroll            |     6 |     4 |    12 |     2 |    14 ||    38
         Potion            |       |     1 |       |     5 |     3 ||     9
   Stab: Invisible         |       |       |     1 |     1 |     1 ||     3
         Distracted        |       |       |       |     3 |     1 ||     4
         Paralysed         |       |       |       |       |     5 ||     5
         Petrified         |       |       |       |       |     3 ||     3
 Armour: Scale mail        |    36 |    50 |    95 |   103 |       ||   284
         Chain mail        |       |       |       |    45 |   251 ||   296
  Dodge: Dodged            |    44 |    51 |   134 |   228 |   355 ||   812
  Block: Buckler           |    21 |    24 |    83 |   243 |   160 ||   531
         Reflection        |       |       |     1 |    19 |    56 ||    76
         Kite shield       |       |       |       |       |   476 ||   476

Table legend: (Time is in decaauts)
 A = Elapsed time spent in this place.
 B = Non-inter-level travel time spent in this place.
 C = Inter-level travel time spent in this place.
 D = Time resting spent in this place.
 E = Time spent auto-exploring this place.
 F = Levels seen in this place.
 G = Mean time per level.
                   A        B        C        D        E       F      G
               +--------+--------+--------+--------+--------+-----+--------+
         Total |  22693 |  21357 |   1336 |    250 |  17097 |  25 |  907.7 |
       Dungeon |  11229 |  10296 |    933 |    250 |   8301 |  13 |  863.8 |
        Temple |    250 |    183 |     67 |      0 |    159 |   1 |  250.0 |
          Lair |   6744 |   6450 |    294 |      0 |   5507 |   5 | 1348.8 |
        Shoals |    354 |    354 |      0 |      0 |    232 |   1 |  354.0 |
  Orcish Mines |   2050 |   2010 |     40 |      0 |   1506 |   2 | 1025.0 |
       Ossuary |    494 |    494 |      0 |      0 |    272 |   1 |  494.0 |
        Bailey |    542 |    542 |      0 |      0 |    398 |   1 |  542.0 |
      Ice Cave |   1027 |   1027 |      0 |      0 |    721 |   1 | 1027.0 |
               +--------+--------+--------+--------+--------+-----+--------+

Top non-repeatable levels by time:
  Lair:5: 1838 daAuts
   Orc:2: 1459 daAuts
  Lair:3: 1390 daAuts
  Lair:2: 1288 daAuts
  Lair:4: 1267 daAuts
     D:9: 1255 daAuts
     D:7: 1195 daAuts
     D:6: 1041 daAuts
   IceCv: 1027 daAuts
     D:5: 1008 daAuts
     D:2: 962 daAuts
     D:4: 961 daAuts
  Lair:1: 959 daAuts
     D:1: 881 daAuts
     D:8: 866 daAuts
